| TOP OF THE 1ST |
|
Niagara Falls Phantoms batting - Pitching for Paris Cubs : RHP Chris P. Shephard
|
|
Pitching: RHP Chris P. Shephard
|
|
|
Batting: LHB Pete Cook
|
0-0: Ball 1-0: Fly out, F7 (Flyball, 7LD, EV 96.2 MPH)
|
|
Batting: RHB Ben Underwood
|
0-0: Called Strike 0-1: Ball 1-1: SINGLE (Groundball, 4MD, EV 109.4 MPH)
|
|
Batting: LHB Luis Ponce
|
0-0: Ball 1-0: Ball 2-0: Called Strike 2-1: Fly out, F6 (Popup, 6MS, EV 79.4 MPH)
|
|
Batting: RHB Ryan Book
|
0-0: Fly out, F3 (Popup, 3SF, EV 73.8 MPH)
|
| Top of the 1st over - 0 runs, 1 hit, 0 errors, 1 left on base; Niagara Falls 0 - Paris 0 |
| BOTTOM OF THE 1ST |
|
Paris Cubs batting - Pitching for Niagara Falls Phantoms : RHP Ulrik Pilegaard
|
|
Pitching: RHP Ulrik Pilegaard
|
|
|
Batting: RHB Willie Rubio
|
0-0: Ball 1-0: Ball 2-0: Called Strike 2-1: Called Strike 2-2: Ground out 6-3 (Groundball, 6, EV 81.2 MPH)
|
|
Batting: LHB Jeremy Rideout
|
0-0: Fly out, F8 (Flyball, 8LD, EV 90.0 MPH)
|
|
Batting: LHB David Mendez
|
0-0: Ball 1-0: Called Strike 1-1: Foul Ball, location: 2F 1-2: Fly out, F2 (Popup, 25F, EV 88.8 MPH)
|
| Bottom of the 1st over - 0 runs, 0 hits, 0 errors, 0 left on base; Niagara Falls 0 - Paris 0 |
| TOP OF THE 2ND |
|
Niagara Falls Phantoms batting - Pitching for Paris Cubs : RHP Chris P. Shephard
|
|
Batting: RHB Hunter Uttley
|
0-0: Ball 1-0: Called Strike 1-1: Swinging Strike 1-2: Foul Ball, location: 2F 1-2: Ball 2-2: Strikes out swinging
|
|
Batting: SHB Bruce Shelton
|
0-0: Ball 1-0: SINGLE (Line Drive, 7S, EV 107.5 MPH)
|
|
Batting: RHB Danny Carrick
|
0-0: Called Strike 0-1: Ball 1-1: Ball 2-1: Foul Ball, location: 2F 2-2: Strikes out swinging
|
|
Batting: SHB Ramon Werman
|
0-0: Called Strike Bruce Shelton steals 2nd base 0-1: Fly out, F8 (Flyball, 8RD, EV 85.6 MPH)
|
| Top of the 2nd over - 0 runs, 1 hit, 0 errors, 1 left on base; Niagara Falls 0 - Paris 0 |
| BOTTOM OF THE 2ND |
|
Paris Cubs batting - Pitching for Niagara Falls Phantoms : RHP Ulrik Pilegaard
|
|
Batting: RHB Jason Banks
|
0-0: Ball 1-0: Swinging Strike 1-1: Called Strike 1-2: Ball 2-2: Fly out, F9 (Flyball, 89M, EV 90.6 MPH)
|
|
Batting: RHB Jesus Resendez
|
0-0: Ground out 6-3 (Groundball, 6MS, EV 77.5 MPH)
|
|
Batting: RHB Manny Serrano
|
0-0: Called Strike 0-1: Swinging Strike 0-2: Foul Ball, location: 2F 0-2: Ball 1-2: Ball 2-2: Foul Ball, location: 2F 2-2: Ground out 6-3 (Groundball, 6M, EV 76.2 MPH)
|
| Bottom of the 2nd over - 0 runs, 0 hits, 0 errors, 0 left on base; Niagara Falls 0 - Paris 0 |
| TOP OF THE 3RD |
|
Niagara Falls Phantoms batting - Pitching for Paris Cubs : RHP Chris P. Shephard
|
|
Batting: RHB Donald DeLisio
|
0-0: Foul Ball, location: 2F 0-1: Ball 1-1: Ball 2-1: Foul Ball, location: 2F 2-2: Foul Ball, location: 2F 2-2: Strikes out swinging
|
|
Batting: LHB Pete Cook
|
0-0: Ball 1-0: Ball 2-0: Ball 3-0: Called Strike 3-1: Ground out U3 (Groundball, 3, EV 108.8 MPH)
|
|
Batting: RHB Ben Underwood
|
0-0: Bunted foul 0-1: Foul Ball, location: 2F 0-2: Ball 1-2: Ball 2-2: SINGLE (Groundball, 56D, EV 94.4 MPH)
|
|
Batting: LHB Luis Ponce
|
0-0: Ball 1-0: Called Strike 1-1: Foul Ball, location: 2F 1-2: Foul Ball, location: 2F 1-2: Strikes out swinging
|
| Top of the 3rd over - 0 runs, 1 hit, 0 errors, 1 left on base; Niagara Falls 0 - Paris 0 |
| BOTTOM OF THE 3RD |
|
Paris Cubs batting - Pitching for Niagara Falls Phantoms : RHP Ulrik Pilegaard
|
|
Batting: LHB Don Crockett
|
0-0: Ball 1-0: SINGLE (Line Drive, 7S, EV 106.2 MPH)
|
|
Batting: RHB Jorge Robles
|
0-0: Ball 1-0: Foul Ball, location: 2F 1-1: Called Strike 1-2: Ball 2-2: Strikes out swinging
|
|
Batting: RHB Mike Prado
|
0-0: Ball 1-0: Fielders Choice at 2nd, 6-4 (Groundball, 6S, EV 80.0 MPH)
|
|
Batting: RHB Willie Rubio
|
0-0: Ball 1-0: Called Strike 1-1: Ball 2-1: Foul Ball, location: 2F 2-2: Foul Ball, location: 2F 2-2: Strikes out swinging
|
| Bottom of the 3rd over - 0 runs, 1 hit, 0 errors, 1 left on base; Niagara Falls 0 - Paris 0 |
| TOP OF THE 4TH |
|
Niagara Falls Phantoms batting - Pitching for Paris Cubs : RHP Chris P. Shephard
|
|
Batting: RHB Ryan Book
|
0-0: Called Strike 0-1: Ball 1-1: Foul Ball, location: 2F 1-2: Ground out 5-3 (Groundball, 5, EV 101.2 MPH)
|
|
Batting: RHB Hunter Uttley
|
0-0: Ground out 4-3 (Groundball, 4, EV 105.0 MPH)
|
|
Batting: SHB Bruce Shelton
|
0-0: Foul Ball, location: 2F 0-1: Foul Ball, location: 2F 0-2: Ball 1-2: Strikes out swinging
|
| Top of the 4th over - 0 runs, 0 hits, 0 errors, 0 left on base; Niagara Falls 0 - Paris 0 |
| BOTTOM OF THE 4TH |
|
Paris Cubs batting - Pitching for Niagara Falls Phantoms : RHP Ulrik Pilegaard
|
|
Batting: LHB Jeremy Rideout
|
0-0: Called Strike 0-1: DOUBLE (Line Drive, 7LM, EV 105.6 MPH)
|
|
Batting: LHB David Mendez
|
0-0: Ball 1-0: Foul Ball, location: 2F 1-1: Ball 2-1: Called Strike 2-2: Ball 3-2: Foul Ball, location: 2F 3-2: Base on Balls
|
|
Batting: RHB Jason Banks
|
0-0: Foul Ball, location: 2F 0-1: Fly out, F3 (Popup, 23F, EV 91.2 MPH)
|
|
Batting: RHB Jesus Resendez
|
0-0: Ball 1-0: Foul Ball, location: 2F 1-1: Ball 2-1: Ball 3-1: Base on Balls Jeremy Rideout to third David Mendez to second
|
|
Batting: RHB Manny Serrano
|
0-0: Ball 1-0: Called Strike 1-1: SINGLE (Line Drive, 7S, EV 93.1 MPH) Jeremy Rideout scores David Mendez to third Jesus Resendez to second
|
|
Batting: LHB Don Crockett
|
0-0: Called Strike 0-1: Ball 1-1: Ball 2-1: Ball 3-1: Base on Balls David Mendez scores Jesus Resendez to third Manny Serrano to second
|
|
Batting: RHB Jorge Robles
|
0-0: Called Strike 0-1: Ball 1-1: Grounds into double play, 5-4-3 (Groundball, 56, EV 86.2 MPH)
|
| Bottom of the 4th over - 2 runs, 2 hits, 0 errors, 2 left on base; Niagara Falls 0 - Paris 2 |
| TOP OF THE 5TH |
|
Niagara Falls Phantoms batting - Pitching for Paris Cubs : RHP Chris P. Shephard
|
|
Batting: RHB Danny Carrick
|
0-0: Called Strike 0-1: Ball 1-1: Foul Ball, location: 2F 1-2: Ball 2-2: Strikes out swinging
|
|
Batting: SHB Ramon Werman
|
0-0: Ball 1-0: Fly out, F7 (Flyball, 7, EV 90.6 MPH)
|
|
Batting: RHB Donald DeLisio
|
0-0: Ball 1-0: Ball 2-0: SINGLE (Line Drive, 3D, EV 99.4 MPH)
|
|
Batting: LHB Pete Cook
|
0-0: Ball 1-0: Called Strike 1-1: Ball 2-1: Ball 3-1: Foul Ball, location: 2F 3-2: Strikes out swinging
|
| Top of the 5th over - 0 runs, 1 hit, 0 errors, 1 left on base; Niagara Falls 0 - Paris 2 |
| BOTTOM OF THE 5TH |
|
Paris Cubs batting - Pitching for Niagara Falls Phantoms : RHP Ulrik Pilegaard
|
|
Batting: RHB Mike Prado
|
0-0: Reached on error, E6 (Groundball, 6, EV 94.4 MPH)
|
|
Batting: RHB Willie Rubio
|
0-0: Called Strike 0-1: Ball 1-1: Ball 2-1: Ball 3-1: Base on Balls Mike Prado to second
|
|
Batting: LHB Jeremy Rideout
|
0-0: Fly out, F7 (Line Drive, 7D, EV 93.1 MPH)
|
|
Batting: LHB David Mendez
|
0-0: Ball 1-0: Fly out, F7 (Line Drive, 7LS, EV 96.2 MPH)
|
|
Batting: RHB Jason Banks
|
0-0: Foul Ball, location: 2F 0-1: Called Strike 0-2: Foul Ball, location: 2F 0-2: Fly out, F9 (Flyball, 89M, EV 86.9 MPH)
|
| Bottom of the 5th over - 0 runs, 0 hits, 1 error, 2 left on base; Niagara Falls 0 - Paris 2 |
| TOP OF THE 6TH |
|
Niagara Falls Phantoms batting - Pitching for Paris Cubs : RHP Chris P. Shephard
|
|
Batting: RHB Ben Underwood
|
0-0: Ground out 2-3 (Groundball, 13S, EV 66.9 MPH)
|
|
Batting: LHB Luis Ponce
|
0-0: Ball 1-0: Ball 2-0: Called Strike 2-1: Called Strike 2-2: Strikes out swinging
|
|
Batting: RHB Ryan Book
|
0-0: Called Strike 0-1: Swinging Strike 0-2: Strikes out looking
|
| Top of the 6th over - 0 runs, 0 hits, 0 errors, 0 left on base; Niagara Falls 0 - Paris 2 |
| BOTTOM OF THE 6TH |
|
Paris Cubs batting - Pitching for Niagara Falls Phantoms : RHP Ulrik Pilegaard
|
|
Batting: RHB Jesus Resendez
|
0-0: Called Strike 0-1: Swinging Strike 0-2: Ball 1-2: Ball 2-2: Strikes out swinging, 2-3 out at first.
|
|
Batting: RHB Manny Serrano
|
0-0: Swinging Strike 0-1: Swinging Strike 0-2: Strikes out swinging
|
|
Batting: LHB Don Crockett
|
0-0: Called Strike 0-1: Swinging Strike 0-2: Foul Ball, location: 2F 0-2: Fly out, F7 (Flyball, 7LSF, EV 88.8 MPH)
|
| Bottom of the 6th over - 0 runs, 0 hits, 0 errors, 0 left on base; Niagara Falls 0 - Paris 2 |
| TOP OF THE 7TH |
|
Niagara Falls Phantoms batting - Pitching for Paris Cubs : RHP Chris P. Shephard
|
|
Pitching: RHP Brian Jarrett
|
|
|
Batting: RHB Hunter Uttley
|
0-0: Called Strike 0-1: Called Strike 0-2: Foul Ball, location: 2F 0-2: Strikes out swinging
|
|
Batting: SHB Bruce Shelton
|
0-0: Called Strike 0-1: Ball 1-1: Swinging Strike 1-2: Strikes out swinging
|
|
Pinch Hitting: RHB Peter Frankel
|
0-0: Foul Ball, location: 2F 0-1: Ground out 6-3 (Groundball, 56, EV 105.6 MPH)
|
| Top of the 7th over - 0 runs, 0 hits, 0 errors, 0 left on base; Niagara Falls 0 - Paris 2 |
| BOTTOM OF THE 7TH |
|
Paris Cubs batting - Pitching for Niagara Falls Phantoms : RHP Ulrik Pilegaard
|
|
Now at SS: Peter Frankel
|
|
|
Now in CF: Ramon Werman
|
|
|
Now in RF: Pete Cook
|
|
|
Batting: RHB Jorge Robles
|
0-0: Ball 1-0: Ball 2-0: Ball 3-0: Called Strike 3-1: Base on Balls
|
|
Batting: RHB Mike Prado
|
0-0: Ball 1-0: Foul Ball, location: 2F 1-1: Called Strike 1-2: Ball 2-2: Grounds into double play, 6-4-3 (Groundball, 6, EV 87.5 MPH)
|
|
Batting: RHB Willie Rubio
|
0-0: Foul Ball, location: 2F 0-1: Swinging Strike 0-2: Ball 1-2: SINGLE (Line Drive, 9S, EV 95.0 MPH)
|
|
Batting: LHB Jeremy Rideout
|
0-0: Ball 1-0: SINGLE (Groundball, 6D, EV 105.6 MPH) Willie Rubio to second Runner from 2nd tries for 3rd, SAFE, throw by LF made to third
|
|
Pitching: LHP Jordan Cane
|
|
|
Batting: LHB David Mendez
|
0-0: Ball 1-0: SINGLE (Groundball, 6MD, EV 103.1 MPH) Willie Rubio scores Jeremy Rideout to second Runner from 2nd tries for 3rd, SAFE, throw by CF made to third
|
|
Pitching: RHP Rick Shaw
|
|
|
Now in CF: Tatsuro Hamasaki
|
|
|
Batting: RHB Jason Banks
|
0-0: Swinging Strike 0-1: Foul Ball, location: 2F 0-2: Foul Ball, location: 2F 0-2: Ball 1-2: Strikes out swinging
|
| Bottom of the 7th over - 1 run, 3 hits, 0 errors, 2 left on base; Niagara Falls 0 - Paris 3 |
| TOP OF THE 8TH |
|
Niagara Falls Phantoms batting - Pitching for Paris Cubs : RHP Brian Jarrett
|
|
Pinch Hitting: RHB Alfredo Mendez
|
0-0: Called Strike 0-1: Swinging Strike 0-2: Strikes out looking
|
|
Batting: RHB Todd Wolters
|
0-0: Fly out, F8 (Line Drive, 8LD, EV 93.8 MPH)
|
|
Batting: LHB Pete Cook
|
0-0: Ground out U3 (Groundball, 3S, EV 68.8 MPH)
|
| Top of the 8th over - 0 runs, 0 hits, 0 errors, 0 left on base; Niagara Falls 0 - Paris 3 |
| BOTTOM OF THE 8TH |
|
Paris Cubs batting - Pitching for Niagara Falls Phantoms : RHP Rick Shaw
|
|
Now in CF: Alfredo Mendez
|
|
|
Pinch Hitting: RHB Cormackle Poohdatoot
|
0-0: SINGLE (Groundball, 25, EV 68.8 MPH) (infield hit)
|
|
Batting: RHB Manny Serrano
|
0-0: Ball 1-0: Ball 2-0: Called Strike 2-1: Foul Ball, location: 2F 2-2: Ball 3-2: Fly out, F8 (Line Drive, 8LM, EV 95.0 MPH)
|
|
Batting: LHB Don Crockett
|
0-0: Ball 1-0: Fielders Choice at 2nd, 1-6 (Groundball, 34S, EV 73.1 MPH)
|
|
Batting: RHB Jorge Robles
|
0-0: Ball 1-0: Ball 2-0: Ball 3-0: Base on Balls Don Crockett to second
|
|
Batting: RHB Mike Prado
|
0-0: Ground out 5-3 (Groundball, 56, EV 106.9 MPH)
|
| Bottom of the 8th over - 0 runs, 1 hit, 0 errors, 2 left on base; Niagara Falls 0 - Paris 3 |
| TOP OF THE 9TH |
|
Niagara Falls Phantoms batting - Pitching for Paris Cubs : RHP Brian Jarrett
|
|
Pitching: RHP Justin Rodrigues
|
|
|
Now in RF: Bobby Marlatt
|
|
|
Batting: RHB Ben Underwood
|
0-0: Ball 1-0: Ball 2-0: Called Strike 2-1: Called Strike 2-2: Strikes out swinging
|
|
Batting: LHB Luis Ponce
|
0-0: Swinging Strike 0-1: Ball 1-1: Fly out, F8 (Flyball, 8RM, EV 95.0 MPH)
|
|
Pinch Hitting: RHB Chris Horton
|
0-0: Swinging Strike 0-1: Ball 1-1: Ball 2-1: Fly out, F8 (Flyball, 8RD, EV 89.4 MPH)
|
| Top of the 9th over - 0 runs, 0 hits, 0 errors, 0 left on base; Niagara Falls 0 - Paris 3 |
|